cohdb
Replays
Latest Replays
All Replays
Popular Replays
Top Player Replays
Match Explorer
How It Works
Community
CoH3 Stats
Reddit
Sign in to upload your games and track your stats! →
Sign in with Steam
Match 46386505
Unlisted
Match 46386505
Overview
Messages
Build Orders
End
Kradschützen Motorcycle Team
Selects Italian Combined Arms Battlegroup
Selects Bersaglieri Squad
Bersaglieri Squad
Panzergrenadier Squad
Construct Light Support Kompanie
MG34 Team
Construct Mechanized Kompanie
Marder III Tank Destroyer
Support Armor Elements
Selects Semovente da 75/18 Assault Gun
Flakvierling Half-track
2.5-tonne Medical Truck
Vehicle Survival Package
StuG III D Assault Gun
Emergency Repair Kits
Construct Panzerarmee Kommand
Selects Carro Armato M13/40 Light Tank
Selects Pact of Steel
Assault Mechanized Group
Armored Reserves
Selects Vehicle Support - Secure Location
Flak 36 Anti-tank Gun Team
Rapid Advance
Selects Vehicle Support - Force Recon
Tiger Heavy Tank
DebaKLeTV
Eilte
THF-D8
HELP ME
0
0
Comments
sign in to comment!
No comments posted yet!